AoeStats
← Sanguinius7193

Yucatan

510903148Analyzed
3v3 RM · 6h ago on Oct 3, 2026· 64m 58s· 6 players
Game mode
Random Map
Map size
Normal (6 player)
Population
200
Speed
Normal
Resources
Standard
Victory
Conquest
Starting age
Dark Age
Ending age
Imperial Age
RankedLock teamsTeams togetherTeam positionsShared explorationLock speedFull tech treeHidden civsTurbo modeCheats
Victory
Defeat
🇺🇸 Dravidians · United States
948
+10
🇺🇸 Varangians · United States
800
+16
🇺🇸 Vikings · United States
735
+20
🇵🇪 Spanish · Peru
896
-19
🇨🇴 Huns · Colombia
824
-16
🇵🇪 Persians · Peru
713
-11
Fulgur
11:49 Feudal Age
12:34 Loom
18:09 Castle Age
18:12 Forging
18:31 Light Cavalry
22:02 Scale Barding Armor
22:53 Horse Collar
26:42 Town Watch
27:44 Wheelbarrow
29:23 Ballistics
33:32 Imperial Age
35:32 Iron Casting
35:18 Chain Barding Armor
35:44 Conscription
35:41 Guilds
36:34 Chemistry
36:14 Parthian Tactics
36:43 Cavalier
37:24 Husbandry
37:34 Bloodlines
38:02 Capped Ram
39:53 Double-Bit Axe
40:40 Paladin
42:25 Blast Furnace
41:17 Fletching
45:51 Plate Barding Armor
45:25 Thumb Ring
45:58 Town Patrol
46:25 Hand Cart
47:16 Bodkin Arrow
53:34 Bracer
53:34 Padded Archer Armor
53:01 Heavy Cavalry Archer
55:49 Siege Ram
63:20 Elite Skirmisher
Armando.Guerra
0:29 Loom
11:40 Feudal Age
13:56 Double-Bit Axe
16:35 Stone Mining
19:13 Castle Age
17:09 Horse Collar
17:53 Gold Mining
18:30 Padded Archer Armor
18:47 Forging
19:29 Fletching
21:36 Wheelbarrow
21:33 Bow Saw
21:26 Heavy Plow
23:01 Town Watch
23:25 Padded Archer Armor
25:45 Bloodlines
26:02 Husbandry
29:15 Scale Barding Armor
32:26 Stone Shaft Mining
35:57 Imperial Age
33:56 Leather Archer Armor
34:18 Bodkin Arrow
35:09 Chain Barding Armor
37:24 Conscription
38:13 Chemistry
37:33 Hand Cart
37:51 Bracer
39:00 Ballistics
39:16 Ring Archer Armor
42:15 Two-Man Saw
41:24 Cavalier
44:10 Elite Conquistador
46:30 Paladin
52:52 Iron Casting
52:55 Plate Barding Armor
53:17 Sanctity
53:31 Illumination
53:26 Block Printing
Lino
1:15 Loom
11:24 Feudal Age
11:56 Double-Bit Axe
12:03 Gold Mining
13:26 Wheelbarrow
19:15 Castle Age
19:57 Forging
19:53 Scale Barding Armor
20:12 Bow Saw
20:47 Horse Collar
21:50 Husbandry
28:15 Iron Casting
28:01 Chain Barding Armor
30:32 Gold Shaft Mining
31:53 Stone Mining
32:06 Heavy Plow
35:30 Hand Cart
37:54 Imperial Age
36:51 Stone Shaft Mining
40:04 Fervor
40:58 Blast Furnace
40:10 Cavalier
45:21 Two-Man Saw
46:47 Savar
47:58 Murder Holes
50:54 Onager
Big2Tuna
0:28 Loom
12:27 Feudal Age
12:53 Double-Bit Axe
12:51 Horse Collar
15:48 Gold Mining
15:51 Stone Mining
21:24 Castle Age
22:53 Heavy Plow
23:06 Bow Saw
23:43 Forging
23:36 Padded Archer Armor
25:04 Gold Shaft Mining
27:56 Scale Mail Armor
28:31 Iron Casting
29:44 Elite Skirmisher
30:54 Leather Archer Armor
30:30 Fletching
34:00 Chain Mail Armor
36:43 Imperial Age
35:19 Squires
37:12 Chieftains
39:26 Conscription
40:48 Blast Furnace
39:34 Elite Berserk
42:18 Crop Rotation
43:07 Two-Man Saw
45:16 Bodkin Arrow
47:22 Crossbowman
48:08 Bracer
49:44 Plate Mail Armor
49:45 Ring Archer Armor
52:11 Arbalester
52:43 Treadmill Crane
54:05 Chemistry
54:48 Bogsveigar
DAGRON
11:29 Feudal Age
12:17 Double-Bit Axe
19:06 Castle Age
18:08 Scale Barding Armor
18:36 Bloodlines
19:13 Forging
19:19 Stone Mining
19:40 Horse Collar
20:15 Bow Saw
28:31 Iron Casting
28:02 Husbandry
32:05 Chain Barding Armor
37:48 Imperial Age
36:09 Fletching
37:07 Pikeman
38:19 Squires
40:23 Blast Furnace
39:24 Scale Mail Armor
41:03 Plate Barding Armor
45:00 Elite Jarl
53:28 Halberdier
54:51 Gold Mining
62:53 Elite Varangian Guard
Sanguinius7193
2:07 Loom
12:54 Feudal Age
18:02 Castle Age
16:46 Double-Bit Axe
16:44 Horse Collar
19:55 Heavy Plow
20:07 Bow Saw
23:20 Wheelbarrow
26:17 Hand Cart
26:33 Fletching
27:35 Bodkin Arrow
27:23 Pikeman
29:21 Scale Mail Armor
30:56 Medical Corps
36:38 Imperial Age
36:02 Town Watch
36:53 Padded Archer Armor
37:43 Bracer
39:00 Leather Archer Armor
40:15 Chemistry
40:21 Elite Elephant Archer
41:47 Ballistics
43:26 Thumb Ring
45:59 Ring Archer Armor
51:18 Siege Elephant
Connection lost

Rejoining the realm…

Still unreachable

The connection could not be restored.

Session expired

The server has moved on; the page needs a fresh start.